| TOP OF THE 1ST |
|
Washington State University Cougars batting - Pitching for Ohio State University Buckeyes : RHP Mike Stabb
|
|
Pitching: RHP Mike Stabb
|
|
|
Batting: LHB Randolph Brodbeck
|
0-0: Ball 1-0: Ball 2-0: Ball 3-0: Base on Balls
|
|
Batting: RHB Rich Griffith
|
0-0: Ball 1-0: Called Strike 1-1: Swinging Strike 1-2: Foul Ball, location: 2F 1-2: Strikes out looking
|
|
Batting: RHB Camillo Bonauiti
|
0-0: Foul Ball, location: 2F 0-1: Ball 1-1: Swinging Strike 1-2: Foul Ball, location: 2F 1-2: Strikes out swinging
|
|
Batting: LHB Jeremy Rideout
|
0-0: Called Strike 0-1: Ball 1-1: SINGLE (Groundball, 34D, EV 106.2 MPH) Randolph Brodbeck to second Runner from 2nd tries for 3rd, SAFE, throw by RF made to third
|
|
Batting: RHB Noe Oliva
|
0-0: Fielders Choice at 2nd, 6-4 (Groundball, 6, EV 78.8 MPH)
|
| Top of the 1st over - 0 runs, 1 hit, 0 errors, 2 left on base; Washington State University 0 - Ohio State University 0 |
| BOTTOM OF THE 1ST |
|
Ohio State University Buckeyes batting - Pitching for Washington State University Cougars : RHP Bayani Blanco
|
|
Pitching: RHP Bayani Blanco
|
|
|
Batting: RHB Hikaru Nakata
|
0-0: Called Strike 0-1: Foul Ball, location: 2F 0-2: Foul Ball, location: 2F 0-2: SINGLE (Groundball, 4MD, EV 108.8 MPH)
|
|
Batting: RHB Aaron Burnet
|
0-0: Called Strike Hikaru Nakata steals 2nd base 0-1: Ground out 6-3 (Groundball, 6S, EV 68.1 MPH) Hikaru Nakata to third
|
|
Batting: SHB Ken Griffey IV
|
0-0: Foul Ball, location: 2F 0-1: Ball 1-1: Ball 2-1: Foul Ball, location: 2F 2-2: Fly out, F9 (Line Drive, 9LM, EV 92.5 MPH) Runner from 3rd tags up, SCORES, no throw by RF
|
|
Batting: LHB Ben Roth
|
0-0: Fly out, F8 (Line Drive, 8RM, EV 98.8 MPH)
|
| Bottom of the 1st over - 1 run, 1 hit, 0 errors, 0 left on base; Washington State University 0 - Ohio State University 1 |
| TOP OF THE 2ND |
|
Washington State University Cougars batting - Pitching for Ohio State University Buckeyes : RHP Mike Stabb
|
|
Batting: RHB Wilson Salgado
|
0-0: Ball 1-0: Ball 2-0: Foul Ball, location: 2F 2-1: Fly out, F8 (Flyball, 78D, EV 98.8 MPH)
|
|
Batting: RHB Luis Mendoza
|
0-0: Ball 1-0: Ball 2-0: Ball 3-0: Base on Balls
|
|
Batting: LHB Toby Clark
|
0-0: Ball 1-0: Called Strike 1-1: Ball 2-1: Swinging Strike 2-2: Strikes out swinging
|
|
Batting: RHB Dave Beerman
|
0-0: Called Strike 0-1: Foul Ball, location: 2F 0-2: Ball 1-2: Fielders Choice at 2nd, 6-4 (Groundball, 6, EV 104.4 MPH)
|
| Top of the 2nd over - 0 runs, 0 hits, 0 errors, 1 left on base; Washington State University 0 - Ohio State University 1 |
| BOTTOM OF THE 2ND |
|
Ohio State University Buckeyes batting - Pitching for Washington State University Cougars : RHP Bayani Blanco
|
|
Batting: RHB Hugo Chavez
|
0-0: Hit by Pitch
|
|
Batting: RHB Michihisa Tanaka
|
0-0: Ball 1-0: SINGLE (Line Drive, 78M, EV 105.6 MPH) Hugo Chavez to second
|
|
Batting: RHB Jeff Standridge
|
0-0: Ball 1-0: Fly out, F8 (Line Drive, 8LD, EV 91.2 MPH)
|
|
Batting: RHB John Britton
|
0-0: Foul Ball, location: 2F 0-1: Grounds into double play, 6-4-3 (Groundball, 56, EV 108.1 MPH)
|
| Bottom of the 2nd over - 0 runs, 1 hit, 0 errors, 1 left on base; Washington State University 0 - Ohio State University 1 |
| TOP OF THE 3RD |
|
Washington State University Cougars batting - Pitching for Ohio State University Buckeyes : RHP Mike Stabb
|
|
Batting: LHB Randolph Brodbeck
|
0-0: Called Strike 0-1: Ball 1-1: Ball 2-1: Foul Ball, location: 2F 2-2: Ball 3-2: Foul Ball, location: 2F 3-2: Base on Balls
|
|
Batting: RHB Rich Griffith
|
0-0: Ball 1-0: Ball 2-0: Called Strike 2-1: Foul Ball, location: 2F 2-2: SINGLE (Groundball, 34S, EV 88.8 MPH) (infield hit) Randolph Brodbeck to second
|
|
Batting: RHB Camillo Bonauiti
|
0-0: Ball 1-0: Ball 2-0: Ball 3-0: Called Strike 3-1: Swinging Strike 3-2: Strikes out swinging
|
|
Batting: LHB Jeremy Rideout
|
0-0: DOUBLE (Groundball, 3D, EV 100.0 MPH) Randolph Brodbeck scores Rich Griffith to third
|
|
Batting: RHB Noe Oliva
|
0-0: Foul Ball, location: 2F 0-1: Foul Ball, location: 2F 0-2: Foul Ball, location: 2F 0-2: Ball 1-2: Ball 2-2: Ball 3-2: Strikes out swinging
|
|
Batting: RHB Wilson Salgado
|
0-0: Foul Ball, location: 2F 0-1: DOUBLE (Groundball, 5L, EV 101.2 MPH) Rich Griffith scores Jeremy Rideout scores
|
|
Batting: RHB Luis Mendoza
|
0-0: Ball 1-0: Ball 2-0: Called Strike 2-1: Reached on error, E6 (Groundball, 6, EV 98.1 MPH) Wilson Salgado to third
|
|
Batting: LHB Toby Clark
|
0-0: Ball 1-0: Foul Ball, location: 2F 1-1: Ground out 4-3 (Groundball, 4, EV 86.2 MPH)
|
| Top of the 3rd over - 3 runs, 3 hits, 1 error, 2 left on base; Washington State University 3 - Ohio State University 1 |
| BOTTOM OF THE 3RD |
|
Ohio State University Buckeyes batting - Pitching for Washington State University Cougars : RHP Bayani Blanco
|
|
Batting: RHB Dave Villarreal
|
0-0: Ball 1-0: Swinging Strike 1-1: Foul Ball, location: 2F 1-2: Ball 2-2: Strikes out swinging
|
|
Batting: RHB Hikaru Nakata
|
0-0: Called Strike 0-1: Ball 1-1: Called Strike 1-2: Ball 2-2: Ball 3-2: Base on Balls
|
|
Batting: RHB Aaron Burnet
|
0-0: Called Strike 0-1: Ball 1-1: 2-RUN HOME RUN (Line Drive, 7LD, EV 96.2 MPH), Distance : 354 ft
|
|
Batting: SHB Ken Griffey IV
|
0-0: Ball 1-0: Foul Ball, location: 2F 1-1: DOUBLE (Line Drive, 78D, EV 105.6 MPH)
|
|
Batting: LHB Ben Roth
|
0-0: Foul Ball, location: 2F 0-1: Ball 1-1: Ball 2-1: Foul Ball, location: 2F 2-2: Ball Passed Ball! Ken Griffey IV to third 3-2: DOUBLE (Line Drive, 78XD, EV 105.0 MPH) Ken Griffey IV scores
|
|
Batting: RHB Hugo Chavez
|
0-0: SINGLE (Line Drive, 3D, EV 95.0 MPH) Ben Roth to third Runner from 3rd tries for Home, throw by RF and OUT! 9-2 Hugo Chavez to second
|
|
Batting: RHB Michihisa Tanaka
|
0-0: Ball 1-0: Ground out U3 (Groundball, 3, EV 105.0 MPH)
|
| Bottom of the 3rd over - 3 runs, 4 hits, 0 errors, 1 left on base; Washington State University 3 - Ohio State University 4 |
| TOP OF THE 4TH |
|
Washington State University Cougars batting - Pitching for Ohio State University Buckeyes : RHP Mike Stabb
|
|
Batting: RHB Dave Beerman
|
0-0: Ball 1-0: Called Strike 1-1: DOUBLE (Line Drive, 9LM, EV 102.5 MPH)
|
|
Batting: LHB Randolph Brodbeck
|
0-0: Called Strike 0-1: Ball 1-1: Ball 2-1: Ground out 4-3 (Groundball, 4, EV 89.4 MPH) Dave Beerman to third
|
|
Batting: RHB Rich Griffith
|
0-0: Swinging Strike 0-1: Ball 1-1: Ball 2-1: Foul Ball, location: 2F 2-2: Ground out 6-3 (Groundball, 6, EV 85.0 MPH) Dave Beerman scores
|
|
Batting: RHB Camillo Bonauiti
|
0-0: Ball 1-0: Foul Ball, location: 2F 1-1: Called Strike 1-2: Fly out, F7 (Flyball, 78S, EV 91.2 MPH)
|
| Top of the 4th over - 1 run, 1 hit, 0 errors, 0 left on base; Washington State University 4 - Ohio State University 4 |
| BOTTOM OF THE 4TH |
|
Ohio State University Buckeyes batting - Pitching for Washington State University Cougars : RHP Bayani Blanco
|
|
Batting: RHB Jeff Standridge
|
0-0: Ball 1-0: Called Strike 1-1: Fly out, F7 (Line Drive, 7LM, EV 91.9 MPH)
|
|
Batting: RHB John Britton
|
0-0: Ball 1-0: Called Strike 1-1: Ground out 6-3 (Groundball, P, EV 84.4 MPH)
|
|
Batting: RHB Dave Villarreal
|
0-0: Ball 1-0: Swinging Strike 1-1: Foul Ball, location: 2F 1-2: Strikes out swinging
|
| Bottom of the 4th over - 0 runs, 0 hits, 0 errors, 0 left on base; Washington State University 4 - Ohio State University 4 |
| TOP OF THE 5TH |
|
Washington State University Cougars batting - Pitching for Ohio State University Buckeyes : RHP Mike Stabb
|
|
Pitching: RHP Toyohiro Nakagawa
|
|
|
Batting: LHB Jeremy Rideout
|
0-0: Called Strike 0-1: Ball 1-1: Ball 2-1: Fly out, F9 (Flyball, 9, EV 76.2 MPH)
|
|
Batting: RHB Noe Oliva
|
0-0: Ball 1-0: Fly out, F2 (Popup, 23F, EV 95.0 MPH)
|
|
Batting: RHB Wilson Salgado
|
0-0: Called Strike 0-1: Fly out, F8 (Flyball, 8RS, EV 94.4 MPH)
|
| Top of the 5th over - 0 runs, 0 hits, 0 errors, 0 left on base; Washington State University 4 - Ohio State University 4 |
| BOTTOM OF THE 5TH |
|
Ohio State University Buckeyes batting - Pitching for Washington State University Cougars : RHP Bayani Blanco
|
|
Batting: RHB Hikaru Nakata
|
0-0: Ground out 4-3 (Groundball, 4MS, EV 91.9 MPH)
|
|
Batting: RHB Aaron Burnet
|
0-0: Ground out 4-3 (Groundball, 4, EV 76.9 MPH)
|
|
Batting: SHB Ken Griffey IV
|
0-0: Ball 1-0: Foul Ball, location: 2F 1-1: Ground out 4-3 (Groundball, 4, EV 110.6 MPH)
|
| Bottom of the 5th over - 0 runs, 0 hits, 0 errors, 0 left on base; Washington State University 4 - Ohio State University 4 |
| TOP OF THE 6TH |
|
Washington State University Cougars batting - Pitching for Ohio State University Buckeyes : RHP Toyohiro Nakagawa
|
|
Batting: RHB Luis Mendoza
|
0-0: Called Strike 0-1: Swinging Strike 0-2: Ball 1-2: Ground out 6-3 (Groundball, 6, EV 109.4 MPH)
|
|
Batting: LHB Toby Clark
|
0-0: Ball 1-0: DOUBLE (Flyball, 8RD, EV 96.2 MPH)
|
|
Batting: RHB Dave Beerman
|
0-0: Ball 1-0: Called Strike 1-1: Ball 2-1: Called Strike 2-2: Strikes out swinging
|
|
Batting: LHB Randolph Brodbeck
|
0-0: Ball 1-0: Called Strike 1-1: Ball 2-1: Called Strike 2-2: Foul Ball, location: 2F 2-2: Foul Ball, location: 2F 2-2: SINGLE (Groundball, 34D, EV 98.8 MPH) Toby Clark to third Runner from 3rd tries for Home, SAFE, throw by RF to home
|
|
Batting: RHB Rich Griffith
|
0-0: Ball 1-0: Foul Ball, location: 2F 1-1: Swinging Strike 1-2: Strikes out swinging
|
| Top of the 6th over - 1 run, 2 hits, 0 errors, 1 left on base; Washington State University 5 - Ohio State University 4 |
| BOTTOM OF THE 6TH |
|
Ohio State University Buckeyes batting - Pitching for Washington State University Cougars : RHP Bayani Blanco
|
|
Batting: LHB Ben Roth
|
0-0: Called Strike 0-1: Called Strike 0-2: Ground out 4-3 (Groundball, 4, EV 83.8 MPH)
|
|
Batting: RHB Hugo Chavez
|
0-0: Fly out, F7 (Line Drive, 7, EV 101.9 MPH)
|
|
Batting: RHB Michihisa Tanaka
|
0-0: Ball 1-0: Fly out, F8 (Line Drive, 8RD, EV 95.6 MPH)
|
| Bottom of the 6th over - 0 runs, 0 hits, 0 errors, 0 left on base; Washington State University 5 - Ohio State University 4 |
| TOP OF THE 7TH |
|
Washington State University Cougars batting - Pitching for Ohio State University Buckeyes : RHP Toyohiro Nakagawa
|
|
Pitching: RHP Ricky Ramos
|
|
|
Batting: RHB Camillo Bonauiti
|
0-0: Foul Ball, location: 2F 0-1: Foul Ball, location: 2F 0-2: Ball 1-2: Foul Ball, location: 2F 1-2: SINGLE (Groundball, 56D, EV 106.2 MPH)
|
|
Batting: LHB Jeremy Rideout
|
0-0: Ball 1-0: Called Strike 1-1: Called Strike 1-2: Ball 2-2: Fly out, F7 (Flyball, 78S, EV 88.8 MPH)
|
|
Batting: RHB Noe Oliva
|
0-0: Ball 1-0: Ball 2-0: Ball 3-0: Called Strike 3-1: Base on Balls Camillo Bonauiti to second
|
|
Batting: RHB Wilson Salgado
|
0-0: Fly out, F5 (Popup, 56S, EV 78.1 MPH)
|
|
Batting: RHB Luis Mendoza
|
0-0: Fielders Choice at 2nd, 6-4 (Groundball, 6, EV 100.0 MPH)
|
| Top of the 7th over - 0 runs, 1 hit, 0 errors, 2 left on base; Washington State University 5 - Ohio State University 4 |
| BOTTOM OF THE 7TH |
|
Ohio State University Buckeyes batting - Pitching for Washington State University Cougars : RHP Bayani Blanco
|
|
Pinch Hitting: RHB Danny Rosario
|
0-0: Foul Ball, location: 2F 0-1: Called Strike 0-2: Strikes out swinging
|
|
Pinch Hitting: RHB Al Lara
|
0-0: Foul Ball, location: 2F 0-1: Called Strike 0-2: Ball 1-2: Foul Ball, location: 2F 1-2: Ball 2-2: Ground out 6-3 (Groundball, 6, EV 81.2 MPH)
|
|
Batting: RHB Dave Villarreal
|
0-0: Swinging Strike 0-1: Called Strike 0-2: Ball 1-2: Fly out, F7 (Flyball, 7S, EV 74.4 MPH)
|
| Bottom of the 7th over - 0 runs, 0 hits, 0 errors, 0 left on base; Washington State University 5 - Ohio State University 4 |
| TOP OF THE 8TH |
|
Washington State University Cougars batting - Pitching for Ohio State University Buckeyes : RHP Ricky Ramos
|
|
Now at 2B: Mike Vaughan
|
|
|
Now at SS: Danny Rosario
|
|
|
Batting: LHB Toby Clark
|
0-0: Called Strike 0-1: Foul Ball, location: 2F 0-2: Ball 1-2: Ball 2-2: Strikes out swinging
|
|
Batting: RHB Dave Beerman
|
0-0: Ball 1-0: Ball 2-0: Called Strike 2-1: Ground out 6-3 (Groundball, 6, EV 78.8 MPH)
|
|
Batting: LHB Randolph Brodbeck
|
0-0: Ball 1-0: Swinging Strike 1-1: Ball 2-1: Ball 3-1: Ground out 4-3 (Groundball, 34, EV 83.8 MPH)
|
| Top of the 8th over - 0 runs, 0 hits, 0 errors, 0 left on base; Washington State University 5 - Ohio State University 4 |
| BOTTOM OF THE 8TH |
|
Ohio State University Buckeyes batting - Pitching for Washington State University Cougars : RHP Bayani Blanco
|
|
Batting: RHB Hikaru Nakata
|
0-0: Foul Ball, location: 2F 0-1: Called Strike 0-2: SINGLE (Line Drive, 4D, EV 95.0 MPH)
|
|
Pitching: LHP Chris Alexopoulos
|
|
|
Batting: RHB Aaron Burnet
|
0-0: Swinging Strike 0-1: Ball 1-1: Fly out, F8 (Flyball, 8RD, EV 90.0 MPH)
|
|
Batting: SHB Ken Griffey IV
|
0-0: Ball 1-0: Ball 2-0: Ball 3-0: Called Strike 3-1: Foul Ball, location: 2F 3-2: Foul Ball, location: 2F 3-2: Base on Balls Hikaru Nakata to second
|
|
Batting: LHB Ben Roth
|
0-0: Ball 1-0: Swinging Strike 1-1: Ball 2-1: Ball 3-1: Called Strike 3-2: Base on Balls Hikaru Nakata to third Ken Griffey IV to second
|
|
Batting: RHB Hugo Chavez
|
0-0: Foul Ball, location: 2F 0-1: Foul Ball, location: 2F 0-2: SINGLE (Groundball, 56D, EV 115.0 MPH) Hikaru Nakata scores Ken Griffey IV to third Ben Roth to second Runner from 3rd tries for Home, SAFE, throw by LF to home
|
|
Batting: RHB Michihisa Tanaka
|
0-0: Ball 1-0: Ball 2-0: Grounds into double play, 4-6-3 (Groundball, 34, EV 85.6 MPH)
|
| Bottom of the 8th over - 2 runs, 2 hits, 0 errors, 1 left on base; Washington State University 5 - Ohio State University 6 |
| TOP OF THE 9TH |
|
Washington State University Cougars batting - Pitching for Ohio State University Buckeyes : RHP Ricky Ramos
|
|
Pitching: LHP Matt Ray
|
|
|
Batting: RHB Rich Griffith
|
0-0: Called Strike 0-1: Swinging Strike 0-2: SINGLE (Line Drive, 7S, EV 108.8 MPH)
|
|
Batting: RHB Camillo Bonauiti
|
0-0: Foul Ball, location: 2F 0-1: Swinging Strike 0-2: Ball 1-2: Ball 2-2: Ball 3-2: Foul Ball, location: 2F 3-2: Strikes out swinging
|
|
Batting: LHB Jeremy Rideout
|
0-0: Called Strike 0-1: DOUBLE (Line Drive, 8LXD, EV 100.6 MPH) Rich Griffith to third Runner from 3rd tries for Home, SAFE, throw by CF to home
|
|
Pinch Hitting: SHB Cedric Sweep
|
0-0: Ball 1-0: Called Strike 1-1: Swinging Strike 1-2: Ball 2-2: Strikes out swinging
|
|
Batting: RHB Wilson Salgado
|
0-0: Ball 1-0: Ball 2-0: Fly out, F7 (Flyball, 78S, EV 90.6 MPH)
|
| Top of the 9th over - 1 run, 2 hits, 0 errors, 1 left on base; Washington State University 6 - Ohio State University 6 |
| BOTTOM OF THE 9TH |
|
Ohio State University Buckeyes batting - Pitching for Washington State University Cougars : LHP Chris Alexopoulos
|
|
Pitching: RHP John Stiff
|
|
|
Now in CF: Cedric Sweep
|
|
|
Batting: RHB Danny Rosario
|
0-0: Called Strike 0-1: Ball 1-1: Called Strike 1-2: Ball 2-2: Strikes out swinging
|
|
Batting: RHB Mike Vaughan
|
0-0: Swinging Strike 0-1: Fly out, F7 (Flyball, 7LSF, EV 83.1 MPH)
|
|
Pinch Hitting: LHB Ricardo Torres
|
0-0: Called Strike 0-1: Ball 1-1: Ball 2-1: Ball 3-1: Foul Ball, location: 2F 3-2: Strikes out swinging
|
| Bottom of the 9th over - 0 runs, 0 hits, 0 errors, 0 left on base; Washington State University 6 - Ohio State University 6 |
| TOP OF THE 10TH |
|
Washington State University Cougars batting - Pitching for Ohio State University Buckeyes : LHP Matt Ray
|
|
Now at C: Jose Benavidez
|
|
|
Pinch Hitting: RHB Eric Peterson
|
0-0: Ball 1-0: Fly out, F8 (Flyball, 78S, EV 88.1 MPH)
|
|
Batting: LHB Toby Clark
|
0-0: Ball 1-0: Ball 2-0: Fly out, F9 (Flyball, 89M, EV 86.9 MPH)
|
|
Batting: RHB Dave Beerman
|
0-0: Ball 1-0: Fly out, F9 (Flyball, 9, EV 95.0 MPH)
|
| Top of the 10th over - 0 runs, 0 hits, 0 errors, 0 left on base; Washington State University 6 - Ohio State University 6 |
| BOTTOM OF THE 10TH |
|
Ohio State University Buckeyes batting - Pitching for Washington State University Cougars : RHP John Stiff
|
|
Pitching: LHP Travis Joyal
|
|
|
Now at 3B: Eric Peterson
|
|
|
Batting: RHB Hikaru Nakata
|
0-0: SINGLE (Groundball, 56S, EV 62.5 MPH) (infield hit)
|
|
Batting: RHB Aaron Burnet
|
0-0: Ball 1-0: Swinging Strike 1-1: Bunted foul 1-2: Strikes out swinging
|
|
Batting: SHB Ken Griffey IV
|
0-0: Called Strike 0-1: Fly out, F2 (Popup, 2L, EV 90.6 MPH)
|
|
Batting: LHB Ben Roth
|
0-0: Ball 1-0: Called Strike 1-1: Ball 2-1: Foul Ball, location: 2F 2-2: Ground out 1-3 (Groundball, 34S, EV 66.2 MPH)
|
| Bottom of the 10th over - 0 runs, 1 hit, 0 errors, 1 left on base; Washington State University 6 - Ohio State University 6 |
| TOP OF THE 11TH |
|
Washington State University Cougars batting - Pitching for Ohio State University Buckeyes : LHP Matt Ray
|
|
Batting: LHB Randolph Brodbeck
|
0-0: Foul Ball, location: 2F 0-1: Ball 1-1: Called Strike 1-2: Foul Ball, location: 2F 1-2: Ground out 4-3 (Groundball, 4, EV 84.4 MPH)
|
|
Batting: RHB Rich Griffith
|
0-0: Ball 1-0: Ground out 5-3 (Groundball, 56, EV 104.4 MPH)
|
|
Batting: RHB Camillo Bonauiti
|
0-0: Called Strike 0-1: Ground out 6-3 (Groundball, 6, EV 78.8 MPH)
|
| Top of the 11th over - 0 runs, 0 hits, 0 errors, 0 left on base; Washington State University 6 - Ohio State University 6 |
| BOTTOM OF THE 11TH |
|
Ohio State University Buckeyes batting - Pitching for Washington State University Cougars : LHP Travis Joyal
|
|
Batting: RHB Hugo Chavez
|
0-0: Called Strike 0-1: Called Strike 0-2: Strikes out swinging
|
|
Batting: RHB Michihisa Tanaka
|
0-0: Fly out, F8 (Flyball, 8LXD, EV 103.1 MPH)
|
|
Batting: RHB Danny Rosario
|
0-0: Called Strike 0-1: Ball 1-1: Fly out, F7 (Flyball, 7D, EV 93.1 MPH)
|
| Bottom of the 11th over - 0 runs, 0 hits, 0 errors, 0 left on base; Washington State University 6 - Ohio State University 6 |
| TOP OF THE 12TH |
|
Washington State University Cougars batting - Pitching for Ohio State University Buckeyes : LHP Matt Ray
|
|
Pitching: LHP Neil McKibben
|
|
|
Batting: LHB Jeremy Rideout
|
0-0: Called Strike 0-1: Ball 1-1: Called Strike 1-2: Ball 2-2: Foul Ball, location: 2F 2-2: Strikes out swinging
|
|
Pinch Hitting: RHB David Snyder
|
0-0: Ground out 5-3 (Groundball, 5S, EV 63.8 MPH)
|
|
Batting: RHB Wilson Salgado
|
0-0: Foul Ball, location: 2F 0-1: Swinging Strike 0-2: Ball 1-2: Strikes out swinging
|
| Top of the 12th over - 0 runs, 0 hits, 0 errors, 0 left on base; Washington State University 6 - Ohio State University 6 |
| BOTTOM OF THE 12TH |
|
Ohio State University Buckeyes batting - Pitching for Washington State University Cougars : LHP Travis Joyal
|
|
Now in CF: Miguel Pacheco
|
|
|
Batting: RHB Mike Vaughan
|
0-0: Fly out, F8 (Flyball, 8RD, EV 84.4 MPH)
|
|
Batting: RHB Jose Benavidez
|
0-0: Foul Ball, location: 2F 0-1: Ball 1-1: Ball 2-1: Fly out, F9 (Flyball, 89S, EV 91.2 MPH)
|
|
Batting: RHB Hikaru Nakata
|
0-0: Ball 1-0: Called Strike 1-1: Foul Ball, location: 2F 1-2: Ground out 4-3 (Groundball, 4, EV 81.9 MPH)
|
| Bottom of the 12th over - 0 runs, 0 hits, 0 errors, 0 left on base; Washington State University 6 - Ohio State University 6 |
| TOP OF THE 13TH |
|
Washington State University Cougars batting - Pitching for Ohio State University Buckeyes : LHP Neil McKibben
|
|
Batting: RHB Eric Peterson
|
0-0: Foul Ball, location: 2F 0-1: Swinging Strike 0-2: Ball 1-2: Ball 2-2: Ball 3-2: Base on Balls
|
|
Batting: LHB Toby Clark
|
0-0: Swinging Strike 0-1: Sac Bunt to 23 - play at first, batter OUT! 3-4 Eric Peterson to second
|
|
Batting: RHB Dave Beerman
|
0-0: Called Strike 0-1: Ball 1-1: Ball 2-1: Foul Ball, location: 2F 2-2: Fly out, F9 (Flyball, 9D, EV 105.0 MPH) Runner from 2nd tags up, SAFE at 3rd, no throw by RF
|
|
Batting: LHB Randolph Brodbeck
|
0-0: Intentional Walk
|
|
Batting: RHB Rich Griffith
|
0-0: Ball 1-0: Called Strike 1-1: Ball 2-1: Foul Ball, location: 2F 2-2: Fly out, F8 (Line Drive, 8RS, EV 92.5 MPH)
|
| Top of the 13th over - 0 runs, 0 hits, 0 errors, 2 left on base; Washington State University 6 - Ohio State University 6 |
| BOTTOM OF THE 13TH |
|
Ohio State University Buckeyes batting - Pitching for Washington State University Cougars : LHP Travis Joyal
|
|
Pitching: RHP Victor Altagracia
|
|
|
Batting: RHB Aaron Burnet
|
0-0: Called Strike 0-1: Ground out 4-3 (Groundball, 4, EV 102.5 MPH)
|
|
Batting: SHB Ken Griffey IV
|
0-0: Ball 1-0: Foul Ball, location: 2F 1-1: Fly out, F7 (Flyball, 7, EV 82.5 MPH)
|
|
Batting: LHB Ben Roth
|
0-0: Called Strike 0-1: Ball 1-1: Ball 2-1: Ball 3-1: Foul Ball, location: 2F 3-2: Fly out, F9 (Flyball, 89S, EV 89.4 MPH)
|
| Bottom of the 13th over - 0 runs, 0 hits, 0 errors, 0 left on base; Washington State University 6 - Ohio State University 6 |
| TOP OF THE 14TH |
|
Washington State University Cougars batting - Pitching for Ohio State University Buckeyes : LHP Neil McKibben
|
|
Batting: RHB Camillo Bonauiti
|
0-0: Ball 1-0: Ball 2-0: Called Strike 2-1: Ball 3-1: Foul Ball, location: 2F 3-2: Ground out 5-3 (Groundball, 56S, EV 84.4 MPH)
|
|
Batting: LHB Jeremy Rideout
|
0-0: Ground out 4-3 (Groundball, 4, EV 91.2 MPH)
|
|
Batting: RHB Miguel Pacheco
|
0-0: Called Strike 0-1: Foul Ball, location: 2F 0-2: Strikes out looking
|
| Top of the 14th over - 0 runs, 0 hits, 0 errors, 0 left on base; Washington State University 6 - Ohio State University 6 |
| BOTTOM OF THE 14TH |
|
Ohio State University Buckeyes batting - Pitching for Washington State University Cougars : RHP Victor Altagracia
|
|
Batting: RHB Hugo Chavez
|
0-0: Called Strike 0-1: Ball 1-1: Called Strike 1-2: Foul Ball, location: 2F 1-2: Ball 2-2: Strikes out looking
|
|
Batting: RHB Michihisa Tanaka
|
0-0: Called Strike 0-1: Foul Ball, location: 2F 0-2: Ball 1-2: Foul Ball, location: 2F 1-2: Foul Ball, location: 2F 1-2: Strikes out looking
|
|
Batting: RHB Danny Rosario
|
0-0: Called Strike 0-1: Called Strike 0-2: Strikes out looking
|
| Bottom of the 14th over - 0 runs, 0 hits, 0 errors, 0 left on base; Washington State University 6 - Ohio State University 6 |
| TOP OF THE 15TH |
|
Washington State University Cougars batting - Pitching for Ohio State University Buckeyes : LHP Neil McKibben
|
|
Pitching: LHP Ernesto Galindo
|
|
|
Batting: RHB Wilson Salgado
|
0-0: Foul Ball, location: 2F 0-1: Fly out, F7 (Flyball, 78M, EV 89.4 MPH)
|
|
Batting: RHB Eric Peterson
|
0-0: Called Strike 0-1: Ball 1-1: Ground out 6-3 (Groundball, 6, EV 89.4 MPH)
|
|
Batting: LHB Toby Clark
|
0-0: Foul Ball, location: 2F 0-1: Foul Ball, location: 2F 0-2: Foul Ball, location: 2F 0-2: Ball 1-2: Strikes out swinging
|
| Top of the 15th over - 0 runs, 0 hits, 0 errors, 0 left on base; Washington State University 6 - Ohio State University 6 |
| BOTTOM OF THE 15TH |
|
Ohio State University Buckeyes batting - Pitching for Washington State University Cougars : RHP Victor Altagracia
|
|
Batting: RHB Mike Vaughan
|
0-0: Ball 1-0: Ball 2-0: Fly out, F7 (Flyball, 7, EV 90.6 MPH)
|
|
Batting: RHB Jose Benavidez
|
0-0: Ball 1-0: Swinging Strike 1-1: Foul Ball, location: 2F 1-2: Strikes out swinging
|
|
Batting: RHB Hikaru Nakata
|
0-0: Swinging Strike 0-1: Ball 1-1: Foul Ball, location: 2F 1-2: Foul Ball, location: 2F 1-2: Foul Ball, location: 2F 1-2: Foul Ball, location: 2F 1-2: Ball 2-2: SINGLE (Line Drive, 34, EV 101.9 MPH)
|
|
Pitching: RHP Willie Becerra
|
|
|
Batting: RHB Aaron Burnet
|
0-0: Ball 1-0: Ball 2-0: SINGLE (Groundball, 56D, EV 107.5 MPH) Hikaru Nakata to second
|
|
Batting: SHB Ken Griffey IV
|
0-0: Ball 1-0: Foul Ball, location: 2F 1-1: Foul Ball, location: 2F 1-2: Foul Ball, location: 2F 1-2: Ball 2-2: Ball 3-2: SINGLE (Groundball, 6MD, EV 97.5 MPH) Hikaru Nakata to third Aaron Burnet to second Hikaru Nakata scores Aaron Burnet to third
|
| Bottom of the 15th over - 1 run, 3 hits, 0 errors, 2 left on base; Washington State University 6 - Ohio State University 7 |
|